 Dungeon Crawl Stone Soup version 0.23.2-1-ga50397a (webtiles) character file.

Game seed: 11061963312150557497

3732 diana the Cruncher (level 9, -2/70 (71) HPs)
             Began as a Demonspawn Gladiator on May 21, 2019.
             Was a Priest of Okawaru.
             Slain by a yak (12 damage)
             ... on level 8 of the Dungeon.
             The game lasted 00:09:32 (8317 turns).

diana the Cruncher (Demonspawn Gladiator)           Turns: 8317, Time: 00:09:33

HP:   -2/70 (71)    AC: 11    Str: 18    XL:     9   Next: 92%
MP:   9/9           EV: 11    Int: 10    God:    Okawaru [***...]
Gold: 449           SH:  2    Dex: 16    Spells: 8/8 levels left

rFire    . . .     SeeInvis +   E - +2 quarterstaff (chaos)
rCold    . . .     Gourm    .   (shield currently unavailable)
rNeg     + . .     Faith    .   o - +0 chain mail
rPois    .         Spirit   .   (helmet restricted)
rElec    .         Reflect  +   m - +0 cloak
rCorr    .         Harm     .   (no gloves)
MR       .....                  (no boots)
Stlth    ..........             c - amulet of Lugutsel {Reflect rN+ Dex-3 SH+2 SInv}
HPRegen  0.21/turn              k - +5 ring of dexterity
MPRegen  0.11/turn              (no ring)

@: no status effects
A: antennae 1, claws 1, hooves 1, powered by death 1
a: Heroism, Renounce Religion


You were on level 8 of the Dungeon.
You worshipped Okawaru.
Okawaru was most pleased with you.
You were not hungry.

You visited 2 branches of the dungeon, and saw 10 of its levels.

You collected 484 gold pieces.
You spent 35 gold pieces at shops.

Inventory:

Hand Weapons
 a - a +0 quarterstaff
 E - a +2 quarterstaff of chaos (weapon)
Missiles
 d - 2 throwing nets (quivered)
Armour
 b - a +0 leather armour
 m - a +0 cloak (worn)
 o - a +0 chain mail (worn)
Jewellery
 c - the amulet of Lugutsel (around neck) {Reflect rN+ Dex-3 SH+2 SInv}
   (You found it on level 7 of the Dungeon)

   [amulet of reflection]

   It shields you and reflects attacks.
   It affects your dexterity (-3).
   It protects you from negative energy.
   It lets you see invisible.
   It affects your SH (+2).
 k - a +5 ring of dexterity (left claw)
 x - an uncursed amulet of guardian spirit
 D - an uncursed ring of flight
Wands
 y - a wand of random effects (22)
 H - a wand of iceblast (10)
Scrolls
 e - 6 scrolls of identify
 h - 2 scrolls of teleportation
 i - a scroll of enchant armour {unknown}
 l - 2 scrolls of amnesia
 n - a scroll of fear {unknown}
 p - 3 scrolls of remove curse
 r - a scroll of immolation {unknown}
 s - 2 scrolls of enchant weapon
 t - a scroll of acquirement {unknown}
 v - 3 scrolls of blinking {unknown}
 A - 2 scrolls of random uselessness {unknown}
 C - a scroll of magic mapping
 J - a scroll of fog {unknown}
 K - 2 scrolls of summoning {unknown}
Potions
 g - 2 potions of agility
 j - a potion of flight
 q - 2 potions of curing
 u - a potion of ambrosia {unknown}
 w - a potion of mutation {unknown}
 z - a potion of degeneration {unknown}
 B - 3 potions of heal wounds
 F - 2 potions of invisibility {unknown}
 G - a potion of resistance {unknown}
 I - a potion of brilliance {unknown}
Comestibles
 f - 13 rations
 L - a chunk of flesh


   Skills:
 + Level 6.6 Fighting
 * Level 8.8 Staves
 - Level 1.7 Throwing
 + Level 5.7 Armour
 + Level 6.4 Dodging


You had 8 spell levels left.
You didn't know any spells.
Your spell library was empty.

Dungeon Overview and Level Annotations

Branches:
Dungeon (9/15)             Temple (1/1) D:5
   Lair: D:8-11         Orc: D:9-12

Altars:
Ashenzari
Dithmenos
Elyvilon
Fedhas
Hepliaklqana
Kikubaaqudgha
Makhleb
Nemelex Xobeh
Okawaru
Ru
Sif Muna
Uskayaw
Vehumet
Wu Jian
Xom
Zin

Shops:
D:5 ?


Innate Abilities, Weirdness & Mutations

You have a pair of small antennae on your head.
You have sharp fingernails.
You have large cloven feet.
You regenerate a little health from kills.


Message History

You barely miss the yak.
The yak is moderately wounded.
The yak gores you.
* * * LOW HITPOINT WARNING * * *
The yak gores you but does no damage.
You hit the yak. You freeze the yak.
The yak is heavily wounded.
The yak gores you but does no damage.
You hit the yak but do no damage. You kick the yak.
The yak is heavily wounded.
The yak gores you.
* * * LOW HITPOINT WARNING * * *
You hit the yak.
You feel better.
Your kick misses the yak.
The yak is severely wounded.
The yak barely misses you.
You hit the yak but do no damage.
The yak is moving more slowly.
You kick the yak, but do no damage.
The yak is severely wounded.
The yak gores you!
You die...

######### #.......#
#.......# #.......#
############.......###
#...Y@................
#.##########.......###
#.#...# ####...##
#Y#...# #...# #.#...#
#...#
#.#...#########...####
#.#...#.#.#.#.#...#.#.
#†#...##.#.#.#.....#.#
#>......#.#.#.#...#.#.


You could see a yak (petrifying).

Vanquished Creatures
  Pikel (D:7)
  A hippogriff (D:8)
  Eustachio (D:4)
  A yak (D:8)
  A steam dragon (D:6)
  A hungry ghost (D:7)
  Menkaure (D:4)
  An orc warrior (D:6)
  4 slaves (D:7)
  3 sky beasts
  A necrophage (D:6)
  2 ogres
  Blork the orc (D:4)
  A bullfrog (D:9)
  2 wyvern skeletons
  2 scorpions
  5 wights (D:8)
  9 killer bees
  A howler monkey (D:6)
  A crimson imp (D:5)
  A bullfrog zombie (D:2)
  3 hounds
  3 orc priests
  A centaur zombie (D:7)
  Crazy Yiuf (D:5)
  2 bullfrog skeletons (D:6)
  An iguana (D:8)
  Ijyb (D:5)
  Terence (D:3)
  3 orc wizards
  3 worker ants
  2 hound zombies
  A worker ant zombie (D:8)
  4 gnolls
  9 adders
  2 shadow imps (D:5)
  An ooze (D:5)
  A worm (D:5)
  A dart slug (D:5)
  9 leopard geckos
  29 orcs
  4 giant cockroaches
  8 goblins
  3 hobgoblins (D:2)
  2 jackals (D:2)
  4 quokkas
  3 ball pythons
  7 bats
  6 frilled lizards
  2 jackal skeletons
  7 kobolds
  7 rats
172 creatures vanquished.

Notes
Turn   | Place    | Note
-------+----------+-------------------------------------------
     0 | D:1      | diana the Demonspawn Gladiator began the quest for the Orb.
     0 | D:1      | Reached XP level 1. HP: 16/16 MP: 1/1
    58 | D:1      | You fall through a shaft!
    66 | D:2      | Reached skill level 3 in Staves
    66 | D:2      | Reached skill level 1 in Armour
    66 | D:2      | Gained mutation: You have large cloven feet. [demonic
                  | ancestry]
    66 | D:2      | Reached XP level 2. HP: 14/23 MP: 2/2
    66 | D:2      | Reached XP level 3. HP: 18/28 MP: 3/3
   860 | D:2      | Found a faded altar of an unknown god.
  1014 | D:2      | Reached XP level 4. HP: 23/34 MP: 4/4
  1890 | D:3      | Gained mutation: You regenerate a little health from kills.
                  | [demonic ancestry]
  1890 | D:3      | Reached XP level 5. HP: 38/40 MP: 5/5
  2096 | D:3      | Noticed Terence
  2106 | D:3      | Killed Terence
  2106 | D:3      | Reached skill level 4 in Staves
  2987 | D:4      | Gained mutation: You have sharp fingernails. [demonic
                  | ancestry]
  2987 | D:4      | Reached XP level 6. HP: 34/47 MP: 6/6
  3605 | D:4      | Noticed Blork the orc
  3616 | D:4      | Killed Blork the orc
  3638 | D:4      | Reached skill level 5 in Staves
  3638 | D:4      | Reached XP level 7. HP: 16/53 MP: 7/7
  3901 | D:4      | Noticed Menkaure
  3911 | D:4      | Killed Menkaure
  4140 | D:4      | Noticed Eustachio
  4399 | D:4      | Killed Eustachio
  4942 | D:5      | Entered Level 5 of the Dungeon
  4949 | D:5      | Found a shadowy altar of Dithmenos.
  4981 | D:5      | Found a runed translucent door.
  4982 | D:5      | Noticed Crazy Yiuf
  5019 | D:5      | Noticed Ijyb
  5030 | D:5      | Killed Ijyb
  5088 | D:5      | Found a staircase to the Ecumenical Temple.
  5123 | Temple   | Entered the Ecumenical Temple
  5182 | Temple   | Became a worshipper of Warmaster Okawaru
  5329 | D:5      | Reached XP level 8. HP: 61/61 MP: 8/8
  5492 | D:5      | Reached skill level 6 in Staves
  5502 | D:5      | Found Mem Nuve's Magic Scroll Shoppe.
  5506 | D:5      | Bought a scroll of magic mapping for 35 gold pieces
  5831 | D:5      | Killed Crazy Yiuf
  6173 | D:6      | Reached skill level 5 in Dodging
  6270 | D:6      | Reached * piety under Okawaru
  6270 | D:6      | Reached skill level 5 in Fighting
  6666 | D:7      | Reached skill level 7 in Staves
  6763 | D:7      | Noticed Pikel
  6880 | D:7      | Reached ** piety under Okawaru
  6880 | D:7      | Gained mutation: You have a pair of small antennae on your
                  | head. [demonic ancestry]
  6880 | D:7      | Reached XP level 9. HP: 47/67 MP: 6/9
  7041 | D:7      | Killed Pikel
  7048 | D:7      | Reached skill level 5 in Armour
  7055 | D:7      | Got a smoking steel amulet
  7055 | D:7      | Got a pitted lapis lazuli ring
  7065 | D:7      | Identified the amulet of Lugutsel {Reflect rN+ Dex-3 SH+2
                  | SInv} (You found it on level 7 of the Dungeon)
  7067 | D:7      | Identified the ring of Saorhaxu {rC+ Dex+4 Slay-4} (You
                  | found it on level 7 of the Dungeon)
  7564 | D:8      | Reached skill level 8 in Staves
  7678 | D:8      | Reached *** piety under Okawaru
  8317 | D:8      | Slain by a yak

Skill      XL: |  1  2  3  4  5  6  7  8  9 |
---------------+----------------------------+-----
Staves         | 3 4 5 7 8 |  8.8
Armour         | 1 2 3 4 5 |  5.7
Dodging        | 3 4 5 6 |  6.4
Fighting       | 3 4 5 6 |  6.6
Throwing       | |  1.7

Action                   |  1- 3 |  4- 6 |  7- 9 || total
-------------------------+-------+-------+-------++-------
Melee: Quarterstaff      |    81 |   220 |   403 ||   704
       Kick              |    16 |    52 |   129 ||   197
Throw: Throwing net      |       |       |     1 ||     1
  Use: Potion            |       |     4 |       ||     4
       Scroll            |       |       |     5 ||     5
 Stab: Petrifying        |       |       |     1 ||     1
       Paralysed         |       |       |     2 ||     2
  Eat: Chunk             |       |     6 |    13 ||    19
       Ration            |       |     1 |     1 ||     2
Armor: Leather armour    |    19 |       |       ||    19
       Chain mail        |    31 |   135 |   226 ||   392
       Skin              |       |    34 |       ||    34
Dodge: Dodged            |    72 |   121 |   187 ||   380
Block: Other             |       |       |    11 ||    11
